 Dungeon Crawl Stone Soup version 0.25.0-46-gbd7b0854d2 (webtiles) character file.

Game seed: 17932304906673093850

482 Ethylacetat the Poker (level 7, 0/66 HPs)
             Began as a Naga Gladiator on July 13, 2020.
             Slain by Duvessa
             ... wielding a +0 rapier
              (11 damage)
             ... on level 4 of the Dungeon.
             The game lasted 00:05:06 (3624 turns).

Ethylacetat the Poker (Naga Gladiator)              Turns: 3624, Time: 00:05:07

Health: 0/66       AC:  8    Str: 19    XL:     7   Next: 12%
Magic:  7/7        EV: 10    Int:  8    God:
Gold:   41         SH:  0    Dex: 12    Spells: 6/6 levels left

rFire    . . .     SeeInvis +   a - +0 trident
rCold    . . .     Gourm    .   (no shield)
rNeg     . . .     Faith    .   b - +0 leather armour
rPois    +         Spirit   .   c - +0 helmet
rElec    .         Reflect  .   (no cloak)
rCorr    .         Harm     .   (no gloves)
MR       .....                  (no barding)
Stlth    +.........             (no amulet)
HPRegen  0.21/turn              j - +4 ring of protection
MPRegen  0.10/turn              (no ring)

@: short of breath, lightly drained, very slow
A: large, see invisible, deformed body, poison resistance, slowness 2, slow
metabolism 1, spit poison 1, AC +2
a: Spit Poison


You were on level 4 of the Dungeon.
You were not hungry.

You visited 1 branch of the dungeon, and saw 4 of its levels.

You collected 196 gold pieces.
You spent 155 gold pieces at shops.

Inventory:

Hand Weapons
 a - a +0 trident (weapon)
Missiles
 d - 3 throwing nets (quivered)
Armour
 b - a +0 leather armour (worn)
 c - a +0 helmet (worn)
Jewellery
 j - a +4 ring of protection (left hand)
Scrolls
 e - 5 scrolls of identify {unknown}
 g - a scroll of immolation {unknown}
 h - 3 scrolls of random uselessness {unknown}
 k - 2 scrolls of amnesia {unknown}
 l - a scroll of noise {unknown}
 m - a scroll of magic mapping {unknown}
 n - 4 scrolls of remove curse {unknown}
 o - a scroll of fear {unknown}
 s - a scroll of teleportation
 t - a scroll of blinking
Potions
 i - a potion of lignification {unknown}
 p - a potion of curing {unknown}
 q - a potion of magic {unknown}
 r - a potion of mutation {unknown}
 u - a potion of heal wounds
 v - a potion of brilliance {unknown}
Comestibles
 f - 9 rations


   Skills:
 + Level 4.5(4.0) Fighting
 * Level 6.6(6.1) Polearms
 - Level 1.7(1.3) Throwing
 - Level 2.4(1.9) Dodging


You had 6 spell levels left.
You didn't know any spells.
Your spell library was empty.

Dungeon Overview and Level Annotations

Branches:
Dungeon (4/15)
 Temple: D:4-7

Altars:
Ru

Shops:
D:4 *

Annotations:
D:4 Dowan, Duvessa


Innate Abilities, Weirdness & Mutations

You cannot wear boots.
Your serpentine skin is tough. (AC +2)
You have supernaturally acute eyesight. (SInv)
Armour fits poorly on your strangely shaped body.
Your system is resistant to poisons. (rPois)
You cover ground very slowly.
You have a slow metabolism.
You can spit poison.


Message History

* * * LOW HITPOINT WARNING * * *
Press: ? - help, Shift-Dir - straight line, f/p - Duvessa
Aim: Duvessa, wielding a +0 rapier and wearing a +0 scale mail (almost dead, fast)
The splash of poison hits Duvessa but does no damage.
Duvessa is poisoned.
Duvessa is almost dead.
You feel slightly more hungry. Duvessa hits you with a +0 rapier.
* * * LOW HITPOINT WARNING * * *
You hit Duvessa but do no damage.
Duvessa is almost dead.
Duvessa hits you with a +0 rapier.
* * * LOW HITPOINT WARNING * * *
Duvessa closely misses you.
You barely miss Duvessa.
Duvessa is almost dead.
Duvessa hits you but does no damage.
You barely miss Duvessa.
Duvessa is almost dead.
Duvessa hits you with a +0 rapier!
You die...

.# .# .# .##### ###
^....# #.. ###
.....####.# ##.#
.......##.# ###..#
.....#.##.# ######....#
.#..#∩.∩#.###...@ee##.###
.#......#.##..#######...#
.##..∩.∩..>..<.# ###.#
.##............# #.#
...............# #.#
.##...##..#.#...# #.#
.##...##....###... #.#
.###.....#.## ##.. #.e .#
#..#....# ## ##.#


You could see Duvessa (fast, poisoned) and Dowan (strong).

Vanquished Creatures
  Sigmund (D:3)
  A phantom (D:3)
  An ogre (D:3)
  A gnoll shaman (D:4)
  5 gnolls (D:4)
  An ooze (D:3)
  2 worms
  3 dart slugs
  A leopard gecko (D:2)
  An orc (D:4)
  7 bats
  2 giant cockroaches
  5 goblins
  5 hobgoblins
  8 kobolds
  A quokka (D:3)
  7 frilled lizards
  8 rats
60 creatures vanquished.

Notes
Turn   | Place    | Note
-------+----------+-------------------------------------------
     0 | D:1      | Ethylacetat the Naga Gladiator began the quest for the Orb.
     0 | D:1      | Reached XP level 1. HP: 19/19 MP: 1/1
   281 | D:1      | Reached XP level 2. HP: 11/26 MP: 2/2
   927 | D:2      | Reached XP level 3. HP: 33/33 MP: 3/3
  1247 | D:2      | Reached skill level 4 in Polearms
  1822 | D:3      | Found a sacrificial altar of Ru.
  1823 | D:3      | Noticed a phantom
  2269 | D:3      | Killed a phantom
  2269 | D:3      | Reached skill level 5 in Polearms
  2269 | D:3      | Reached XP level 4. HP: 5/42 MP: 4/4
  2269 | D:3      | Reached XP level 5. HP: 6/49 MP: 5/5
  2655 | D:3      | Noticed an ogre
  2665 | D:3      | Killed an ogre
  2665 | D:3      | Reached XP level 6. HP: 6/57 MP: 6/6
  3091 | D:3      | Noticed Sigmund
  3101 | D:3      | Killed Sigmund
  3101 | D:3      | Reached skill level 6 in Polearms
  3298 | D:4      | Found Ufraon's General Store.
  3308 | D:4      | Bought a scroll of teleportation for 30 gold pieces
  3308 | D:4      | Bought a scroll of blinking for 75 gold pieces
  3308 | D:4      | Bought a potion of heal wounds for 50 gold pieces
  3330 | D:4      | Reached XP level 7. HP: 44/66 MP: 7/7
  3584 | D:4      | Noticed Duvessa
  3587 | D:4      | Noticed Dowan
  3624 | D:4      | Slain by Duvessa

Illustrated notes

Levels and vault maps discovered:
D:1:      dpeg_arrival_ratfight, layout_basic
D:2:      minmay_wonky_spiral, layout_basic, first_ration, serial_forest,
          infiniplex_forest_clump_C, infiniplex_forest_end_2,
          infiniplex_forest_end_double, infiniplex_forest_straight_2,
          infiniplex_forest_straight_3, infiniplex_forest_lined_ring
D:3:      layout_rooms, overflow_temple_1_default, uniq_sigmund
D:4:      layout_rooms, serial_shops, nicolae_shop_competitors_out_of_business,
          uniq_menkaure, uniq_edmund, uniq_duvessa

Skill      XL: |  1  2  3  4  5  6 |
---------------+-------------------+-----
Polearms       | 5 6 |  6.6
Fighting       | 3 4 |  4.5
Throwing       | |  1.7
Dodging        | |  2.4

Action                   |  1- 3 |  4- 6 |  7- 9 || total
-------------------------+-------+-------+-------++-------
Melee: Trident           |   151 |    56 |    34 ||   241
 Abil: Spit Poison       |     2 |     3 |    10 ||    15
 Stab: Sleeping          |     1 |     1 |       ||     2
       Distracted        |     1 |       |       ||     1
  Eat: Chunk             |     3 |     3 |     1 ||     7
Armor: Leather armour    |    45 |    19 |     8 ||    72
Dodge: Dodged            |    76 |    26 |    20 ||   122
